 Dungeon Crawl Stone Soup version 0.32-a0-39-g5c88369fb2 (webtiles) character file.

Game seed: 2090077191784309124

16684 Ge0ff the Spear-Bearer (level 12, 0/81 HPs)
             Began as a Mummy Artificer on Feb 5, 2024.
             Was a Priest of Hepliaklqana.
             Slain by a vampire (11 damage)
             ... on level 5 of the Dungeon.
             The game lasted 00:38:32 (13376 turns).

Ge0ff the Spear-Bearer (Mummy Artificer)           Turns: 13376, Time: 00:38:33

Health: 0/81       AC: 10    Str: 19    XL:     12   Next: 12%
Magic:  15/15      EV: 12    Int: 11    God:    Hepliaklqana [***...]
Gold:   541        SH:  0    Dex: 13    Spells: 11/11 levels left

rFire   . . .        a - +4 halberd (vamp)
rCold   + . .        (shield currently unavailable)
rNeg    + + +        K - +2 leather armour {rF+}
rPois   ∞            S - +0 helmet
rElec   .            (no cloak)
rCorr   .            (no gloves)
SInv    .            (no boots)
Will    +....        (no amulet)
Stlth   +            G - +4 ring of slaying {=R}
HPRegen 0.33/turn    v - +4 ring of protection
MPRegen 0.14/turn

%: faith
@: confused
A: reduced essence, cold resistance 1, negative energy resistance 3, torment
resistance 2, heat vulnerability 1, in touch with death 1, no potions, faith
a: Renounce Religion, Recall Ancestor, Ancestor Identity, Transference


You were on level 5 of the Dungeon.
You worshipped Hepliaklqana.
Hepliaklqana was most pleased with you.
You visited 2 branches of the dungeon, and saw 12 of its levels.
You also visited: Bailey.

You collected 541 gold pieces.

Inventory:

Hand Weapons
 a - a +4 vampiric halberd (weapon)
 b - a +0 trident of protection
 j - a +2 spear
 l - the +3 hand axe of Balance {antimagic, ^Drain rF+ rN+}
   (You took it off a gnoll sergeant on level 10 of the Dungeon)

   rF+:       It protects you from fire.
   rN+:       It protects you from negative energy.
   ^Drain:    It drains your maximum health when unequipped.
 m - a +1 vampiric trident
 o - a +0 dagger of speed
 p - a +0 orcbow of freezing
 q - a +1 heavy sling
 r - a +0 morningstar
 u - a +0 scimitar of flaming
 z - a +5 dagger of freezing
 B - a +2 trident of draining
 D - a +3 halberd
 M - a +0 quarterstaff
 O - a +3 long sword of freezing
 P - a +5 morningstar
 Q - a +1 scimitar
Missiles
 c - 3 javelins
 f - 21 poisoned darts
 g - 2 throwing nets {=F}
 w - 34 stones (quivered)
 N - 4 boomerangs
 Y - 10 atropa-tipped darts
Armour
 h - +0 swamp dragon scales
 k - a +0 plate armour
 t - +0 steam dragon scales
 x - a scarf of invisibility
 y - the +1 scale mail of Tartarus {Stlth+}
   (You found it in a bailey)

   Stlth+:    It makes you more stealthy.
 A - an orb of guile
 K - a +2 leather armour of fire resistance (worn)
 R - a +2 kite shield
 S - a +0 helmet (worn)
Magical Staves
 H - a staff of alchemy
 W - a staff of earth
Jewellery
 v - a +4 ring of protection (right hand)
 G - a +4 ring of slaying (left hand) {=R}
 I - a ring of see invisible
 U - a +6 ring of dexterity
Wands
 d - a wand of digging (5)
 e - a wand of charming (11)
 s - a wand of mindburst (17)
Scrolls
 C - 2 scrolls of poison
 E - a scroll of fear
 F - a scroll of fog
 J - a scroll of silence {!r}
 L - 2 scrolls of brand weapon
 T - 2 scrolls of teleportation
 V - a scroll of vulnerability
 X - 2 scrolls of amnesia
 Z - a scroll of enchant armour
Miscellaneous
 n - a phial of floods


   Skills:
 + Level 7.0 Fighting
 + Level 12.4(12.8) Polearms
 - Level 5.0(9.4) Staves
 - Level 3.0 Throwing
 - Level 3.0 Armour
 - Level 2.0 Dodging
 - Level 2.0 Stealth
 + Level 4.1 Invocations
 + Level 5.7 Evocations


You had 11 spell levels left.
You didn't know any spells.
Your spell library contained the following spells:

 Spells                   Type           Power      Damage    Failure   Level
 Lesser Beckoning         Tloc           0%         N/A       54%         2
 Mercury Vapours          Alch/Air       0%         N/A       54%         2
 Frozen Ramparts          Ice            0%         1d1       77%         3
 Gell's Gravitas          Tloc           0%         N/A       77%         3
 Mephitic Cloud           Conj/Alch/Air  0%         N/A       77%         3
 Teleport Other           Tloc           0%         N/A       77%         3
 Tukima's Dance           Hex            0%         N/A       77%         3
 Leda's Liquefaction      Alch/Erth      0%         N/A       99%         4
 Passage of Golubria      Tloc           0%         N/A       99%         4
 Petrify                  Alch/Erth      0%         N/A       99%         4
 Freezing Cloud           Conj/Ice/Air   0%         6-21      100%        5
 Metabolic Englaciation   Hex/Ice        0%         N/A       100%        5
 Yara's Violent Unravell  Hex/Alch       0%         3d3       100%        5
 Haunt                    Necr/Summ      0%         N/A       100%        7
 Borgnjor's Revivificati  Necr           Unusable   N/A       N/A         8
 Death's Door             Necr           Unusable   N/A       N/A         9

Dungeon Overview and Level Annotations

Branches:
Dungeon (11/15) Zot: 25463  Temple (1/1) D:5 Zot: 5982    Lair (0/5) D:8
    Orc (0/2) D:9          Bailey (visited)

Altars:
Ashenzari
Cheibriados
Dithmenos
Fedhas
Gozag
Hepliaklqana
Kikubaaqudgha
Makhleb
Nemelex Xobeh
Okawaru
Qazlal
Ru
Sif Muna
Trog
Uskayaw
Vehumet
Wu Jian
Xom
Yredelemnul

Shops:
D:1 [

Annotations:
D:11 2 transporters, iamserjio's ghost, journeyman TeMo


Innate Abilities, Weirdness & Mutations

Your life essence is reduced to manifest your ancestor. (-10% HP)
You are immune to poison.
Your flesh is cold resistant. (rC+)
You are immune to negative energy. (rN+++)
You are immune to unholy pain and torment.
You are vulnerable to heat. (rF-)
You are in touch with the powers of death.
You do not drink.
You have a special connection with the divine. (Faith)


Message History

Setora blocks the kobold brigand's attack.
Setora misses the kobold brigand.
The vampire attacks as it pursues you! The vampire hits you.
The vampire closely misses you.
Setora hits the kobold brigand with a +0 flail!
The vampire casts a spell.
The vampire flickers and vanishes!
Deactivating autopickup; reactivate with Ctrl-A.
There is a transporter here.
Setora hits the kobold brigand with a +0 flail!
You enter the transporter and appear at another place.
Something completely misses you. Something bites you! The yak gores you!
Use which ability? (? or * to list) Setora is recalled.
You hear some strange, mumbled words.
You are confused.
The yak gores you but does no damage.
You bump into the translucent stone wall.
Something hits you. Something bites you. The yak gores you!
You're too confused to move!
Something hits you! Something bites you. The yak gores you but does no damage.
The yak barely misses you.
Setora hits the yak with a +0 flail!
The yak gores you. Something hits you!
* * * LOW HITPOINT WARNING * * *
Something bites you.
* * * LOW HITPOINT WARNING * * *
The yak barely misses you.
Setora hits the yak with a +0 flail!
The yak attacks as it pursues you! The yak barely misses you.
You feel less confused.
You hear some strange, mumbled words.
You are confused.
The yak attacks as it pursues you! The yak closely misses you.
You bump into the rock wall.
Setora completely misses something.
The yak completely misses you.
You bump into the rock wall.
Something hits you but does no damage. Something bites you.
* * * LOW HITPOINT WARNING * * *
The yak closely misses you.
You bump into the rock wall.
Something hits you but does no damage. Something bites you.
* * * LOW HITPOINT WARNING * * *
The yak barely misses you.
Setora hits the yak with a +0 flail.
Setora hits the yak with a +0 flail.
Something hits you.
* * * LOW HITPOINT WARNING * * *
Something bites you but does no damage.
You bump into the rock wall.
Something hits you but does no damage. Something bites you but does no damage.
You closely miss something. Something hits you!
You die...

#.###.#.##......#....!.# #.#
#.#.##.####...###### ###.#
#.#.##.#####.##
#...###....#.#...#.#
######........#.....#.#.# #####
##...............#.#...#.# #...#
##...#####.##.............# #.###
#.#.#.## #.##.##>##.##.######.#4#
.##.##.# #.##.##@##.#.........###
.......# #.##.##.##.#..........##
.##.##.###.##.##Y##.#..#######.##
#.#.#...##......R##....## #...
##......................# #.##
##.....######...###...## #.#
###..#####.....©.......# #.#
.##..# #..#########...# #.#
.##..# #.##8$_.K$8##..# #.#


You could see the friendly Setora the knight and a yak.

Vanquished Creatures
  Josephine (D:11)
  A hydra (D:11)
  Erica (D:8)
  2 two-headed ogres
  2 tengu warriors (D:9)
  A manticore (D:8)
  A gargoyle (D:11)
  Maggie (D:9)
  Jeremiah (D:7)
  2 dream sheep (D:11)
  2 wraiths (D:11)
  A shadow (D:9)
  A vampire (Bailey)
  A wyvern (D:7)
  A human (D:7)
  12 yaks
  2 vampire mosquitoes (D:10)
  2 steam dragons
  2 acid dragons (D:11)
  A water moccasin (D:6)
  4 orc warriors
  2 sky beasts
  An ice beast (D:7)
  A black bear (D:6)
  An ogre (D:6)
  4 centaurs
  4 kobold brigands (D:11)
  2 phantoms (D:5)
  4 bullfrogs
  2 scorpions
  10 wights
  15 killer bees
  7 wolf zombies (Bailey)
  9 vampire bats (Bailey)
  A bombardier beetle (D:6)
  2 quasits
  2 hounds
  3 jellies
  10 orc priests
  A sleepcap (D:5)
  A human skeleton (D:7)
  Ijyb (D:4)
  3 iguanas
  6 orc wizards
  4 gnolls
  5 adders
  A shadow imp (D:4)
  5 white imps
  2 ufetubi (D:4)
  A ribbon worm (D:2)
  3 dart slugs
  34 orcs
  9 endoplasms
  3 giant cockroaches
  10 goblins
  5 hobgoblins
  7 jackals (D:1)
  2 quokkas
  A ball python (D:3)
  8 bats
  2 frilled lizards (D:1)
  14 kobolds
  16 orc zombies (Bailey)
  5 rats
  A spectral goblin (D:6)
272 creatures vanquished.

Vanquished Creatures (collateral kills)
  A two-headed ogre (D:11)
  A gargoyle (Bailey)
  A troll (D:11)
  A shadow (D:10)
  2 wraiths (D:11)
  4 yaks
  A centaur (D:8)
  A kobold brigand (D:10)
  A gnoll sergeant (D:10)
  A wight (D:9)
  A killer bee (D:9)
  2 jellies
  2 orc priests
  3 orc wizards
  Robin (D:4)
  4 gnolls
  5 orcs
  6 kobolds
  2 orc zombies (Bailey)
40 creatures vanquished.

Vanquished Creatures (others)
  An ugly thing (D:11)
  A yak (D:8)
  A centaur (D:7)
  3 wights (D:6)
  A killer bee (D:7)
  An iguana (D:4)
  3 ancestors
  2 knights (D:11)
  A hobgoblin (D:4)
14 creatures vanquished.

Grand Total: 326 creatures vanquished

Notes
Turn   | Place    | Note
-------+----------+-------------------------------------------
     0 | D:1      | Ge0ff the Mummy Artificer began the quest for the Orb.
     0 | D:1      | Reached XP level 1. HP: 15/15 MP: 1/1
    36 | D:1      | Reached skill level 1 in Stealth
   367 | D:1      | Reached XP level 2. HP: 18/22 MP: 2/2
   567 | D:1      | Reached skill level 1 in Dodging
   607 | D:1      | Found Igod's Armour Boutique.
   832 | D:1      | Reached XP level 3. HP: 24/27 MP: 3/3
  1218 | D:2      | Reached skill level 1 in Staves
  1670 | D:3      | You fall into a shaft and drop 2 floors!
  1670 | D:5      | Entered Level 5 of the Dungeon
  1750 | D:5      | Reached XP level 4. HP: 33/33 MP: 4/4
  1928 | D:5      | Reached XP level 5. HP: 38/38 MP: 5/5
  2091 | D:5      | Found a burning altar of Makhleb.
  2091 | D:5      | Noticed a blizzard demon
  2094 | D:5      | Noticed a hellwing
  2094 | D:5      | Noticed a smoke demon
  2112 | D:5      | Noticed a vampire
  2113 | D:5      | Found an opulent altar of Gozag.
  2113 | D:5      | Found a broken altar of Ashenzari.
  2114 | D:5      | Found a transporter.
  2115 | D:5      | Noticed a yak
  2169 | D:5      | Found a transporter.
  2174 | D:5      | Found a staircase to the Ecumenical Temple.
  2197 | Temple   | Entered the Ecumenical Temple
  2480 | D:3      | Reached XP level 6. HP: 46/46 MP: 6/6
  2739 | D:3      | Found a shadowy altar of Dithmenos.
  3242 | D:4      | Noticed Ijyb
  3248 | D:4      | Noticed Robin
  3250 | D:4      | Killed Ijyb
  3270 | D:4      | Killed Robin
  3493 | D:4      | Reached XP level 7. HP: 52/52 MP: 7/7
  3966 | D:5      | Found an iron altar of Okawaru.
  4083 | D:5      | Reached skill level 1 in Throwing
  4291 | D:5      | Reached skill level 5 in Staves
  4685 | D:6      | Reached XP level 8. HP: 7/61 MP: 8/8
  4884 | D:6      | Reached skill level 5 in Fighting
  4968 | D:6      | Reached skill level 1 in Polearms
  5044 | D:6      | Reached skill level 2 in Polearms
  5161 | D:6      | Reached skill level 3 in Polearms
  5186 | D:6      | Reached skill level 4 in Polearms
  5495 | D:6      | Found an ornate altar of the Wu Jian Council.
  5501 | D:6      | Noticed a spectral centipede
  5501 | D:6      | Noticed a spectral black mamba
  5716 | D:6      | Found a hazy altar of Hepliaklqana.
  5740 | D:6      | Became a worshipper of Hepliaklqana the Forgotten
  5958 | D:7      | Reached skill level 5 in Polearms
  6002 | D:7      | Found a flagged portal.
  6068 | D:7      | HP: 3/62 [something/ball of steam (42)]
  6284 | D:7      | Reached XP level 9. HP: 68/68 MP: 9/9
  6292 | Bailey   | Entered a bailey
  6400 | Bailey   | Noticed a gargoyle
  6595 | Bailey   | Killed a gargoyle
  6596 | Bailey   | Reached skill level 6 in Polearms
  6845 | Bailey   | Identified the +1 scale mail of Tartarus {Stlth+}
  6883 | Bailey   | Reached skill level 7 in Polearms
  7157 | Bailey   | Reached skill level 8 in Polearms
  7482 | D:7      | Found a runed translucent door.
  7486 | D:7      | Found a basalt altar of Yredelemnul.
  7536 | D:7      | Noticed Jeremiah
  7542 | D:7      | Killed Jeremiah
  7603 | D:7      | Reached skill level 9 in Polearms
  7750 | D:7      | Reached XP level 10. HP: 74/74 MP: 10/10
  8013 | D:8      | Reached * piety under Hepliaklqana
  8074 | D:8      | Found a shimmering altar of Xom.
  8307 | D:8      | Found a staircase to the Lair.
  8408 | D:8      | Noticed Erica
  8413 | D:8      | Killed Erica
  8422 | D:8      | Reached skill level 10 in Polearms
  8753 | D:8      | Noticed a manticore
  8758 | D:8      | Killed a manticore
  8976 | D:8      | Reached skill level 11 in Polearms
  9131 | D:8      | Found a shimmering blue altar of Sif Muna.
  9629 | D:9      | Found a sparkling altar of Nemelex Xobeh.
  9672 | D:9      | Noticed a tengu warrior
  9675 | D:9      | Noticed a tengu warrior
  9678 | D:9      | Killed a tengu warrior
  9687 | D:9      | Killed a tengu warrior
  9688 | D:9      | Reached XP level 11. HP: 34/71 MP: 11/11
  9813 | D:9      | Reached ** piety under Hepliaklqana
  9814 | D:9      | Remembered your ancestor Setora as a knight
 10099 | D:9      | Found a staircase to the Orcish Mines.
 10424 | D:9      | Reached skill level 1 in Invocations
 10531 | D:9      | Noticed a two-headed ogre
 10542 | D:9      | Killed a two-headed ogre
 10607 | D:9      | Reached skill level 12 in Polearms
 11020 | D:9      | Noticed Maggie
 11026 | D:9      | Killed Maggie
 11137 | D:10     | Entered Level 10 of the Dungeon
 11237 | D:10     | Reached *** piety under Hepliaklqana
 11406 | D:10     | Reached skill level 5 in Evocations
 11480 | D:10     | Identified the +3 hand axe of Balance {antimagic, ^Drain
                  | rF+ rN+}
 11575 | D:10     | Found a sacrificial altar of Ru.
 11949 | D:11     | Found a transporter.
 11950 | D:11     | Noticed iamserjio's ghost (journeyman TeMo)
 11959 | D:11     | Found a transporter.
 11964 | D:11     | Noticed a wolf spider
 11994 | D:11     | Noticed a two-headed ogre
 12003 | D:11     | Killed a two-headed ogre
 12273 | D:11     | Noticed Josephine
 12274 | D:11     | Noticed a red ugly thing
 12289 | D:11     | Killed Josephine
 12872 | D:11     | Noticed a two-headed ogre
 12881 | D:11     | Killed a two-headed ogre
 12882 | D:11     | Reached XP level 12. HP: 58/80 MP: 14/14
 13009 | D:11     | Noticed a two-headed hydra
 13014 | D:11     | Killed a two-headed hydra
 13376 | D:5      | Slain by a vampire

Illustrated notes

Levels and vault maps discovered:
D:1:      minmay_arrival_glassed_features, layout_basic, serial_shops, shop
D:2:      layout_rooms
D:3:      layout_rooms, mainiacjoe_overflow_alcove_4
D:4:      layout_gridville, serial_demonic, serial_demonic_g, serial_demonic_b,
          serial_demonic_e, serial_demonic_f, serial_demonic_a,
          serial_demonic_c, grunt_ministairs_1, nicolae_goblin_pals
D:5:      layout_loops_ring, makhleb_altar_promises_db,
          kennysheep_okawaru_gauntlet, gammafunk_temple_overflow_arena,
          minmay_temple_entry_stoned_glass
D:6:      layout_loops_ring, nicolae_hepliaklqana_monster_ancestors,
          pdpol_wu_jian_five_deadly_venoms, nicolae_figureground_sparkle
D:7:      layout_rooms, dk_yredelemnul_ordeal, enter_bailey_2, st_stairs_1,
          minmay_misc_feat_doors, nicolae_sextant, uniq_jeremiah
D:8:      layout_loops_corners, tgw_xom, tgw_sif, dpeg_oklobed_lair,
          nicolae_zig_zag_zippers, uniq_erica
D:9:      layout_loops_corners, mainiacjoe_overflow_paths, orc_0_dummy,
          uniq_maggie
D:10:     layout_rooms, nicolae_ru_sacrificial_ziggurat
D:11:     layout_loops_ring, gammafunk_ghost_berserking_beasts, hangedman_ranch,
          uniq_josephine
Temple:   hellmonk_temple_rainy

Skill      XL: |  1  2  3  4  5  6  7  8  9 10 11 12 |
---------------+-------------------------------------+-----
Stealth        | 1 2 |  2.0
Fighting       | 2 3 4 5 6 7 |  7.0
Dodging        | 1 2 |  2.0
Staves         | 1 3 4 5 |  5.0
Evocations     | 3 4 5 |  5.7
Armour         | 2 3 |  3.0
Throwing       | 1 2 3 |  3.0
Polearms       | 5 9 11 12 | 12.4
Invocations    | 3 4 |  4.1

Action                     |  1- 3 |  4- 6 |  7- 9 | 10-12 || total
---------------------------+-------+-------+-------+-------++-------
  Melee: Morningstar       |    12 |       |       |       ||    12
         Quarterstaff      |   120 |    98 |    61 |       ||   279
         Club              |     2 |       |       |       ||     2
         Trident           |       |       |   202 |     7 ||   209
         Punch             |       |       |     3 |       ||     3
         Halberd           |       |       |    46 |   314 ||   360
  Throw: Stone             |     4 |     2 |    22 |    18 ||    46
         Boomerang         |       |    14 |    24 |     5 ||    43
 Invoke: Recall Ancestor   |       |       |       |     3 ||     3
         Ancestor Identity |       |       |       |     1 ||     1
         Ancestor Life: Kn |       |       |       |     1 ||     1
  Evoke: Wand              |       |    16 |    26 |    27 ||    69
         Phial of floods   |       |       |       |     2 ||     2
    Use: Scroll            |     4 |     1 |     9 |     6 ||    20
   Stab: Sleeping          |     1 |     2 |     2 |     1 ||     6
         Distracted        |       |       |     1 |     4 ||     5
         Betrayed ally     |       |       |     1 |       ||     1
 Armour: Leather armour    |    88 |    21 |    91 |   119 ||   319
         Ring mail         |       |    48 |   113 |       ||   161
  Dodge: Dodged            |   109 |    70 |   192 |    80 ||   451

Table legend: (Time is in decaauts)
 A = Elapsed time spent in this place.
 B = Non-inter-level travel time spent in this place.
 C = Inter-level travel time spent in this place.
 D = Time resting spent in this place.
 E = Time spent auto-exploring this place.
 F = Levels seen in this place.
 G = Mean time per level.
                   A        B        C        D        E       F      G
               +--------+--------+--------+--------+--------+-----+--------+
         Total |  13430 |  12339 |   1091 |   1057 |   7567 |  13 | 1033.1 |
       Dungeon |  12482 |  11400 |   1082 |    796 |   7280 |  11 | 1134.7 |
        Temple |     17 |      8 |      9 |      0 |      0 |   1 |   17.0 |
        Bailey |    929 |    929 |      0 |    261 |    287 |   1 |  929.0 |
               +--------+--------+--------+--------+--------+-----+--------+

Top non-repeatable levels by time:
     D:8: 1647 daAuts
     D:9: 1549 daAuts
     D:6: 1410 daAuts
     D:5: 1377 daAuts
     D:1: 1325 daAuts
     D:4: 1301 daAuts
    D:11: 1093 daAuts
  Bailey: 929 daAuts
     D:7: 893 daAuts
    D:10: 842 daAuts
     D:3: 591 daAuts
     D:2: 450 daAuts
  Temple: 17 daAuts
